 Dungeon Crawl Stone Soup version 0.18-a0-721-g8fc53f4 (console) character file.

64 bli the Shield-Bearer (level 4, -2/29 HPs)
             Began as a Gargoyle Fighter on Dec 8, 2015.
             Slain by a gnoll
             ... wielding a +0 halberd
              (12 damage)
             ... on level 2 of the Dungeon.
             The game lasted 00:03:30 (829 turns).

bli the Shield-Bearer (Gargoyle Fighter)             Turns: 829, Time: 00:03:30

Health: -2/29      AC: 10    Str: 20    XL:     4   Next: 12%
Magic:  4/4        EV:  7    Int:  8    God:
Gold:   27         SH:  9    Dex: 10    Spells: 0 memorised, 3 levels left

rFire  . . .     SeeInvis .     a - +0 flail
rCold  . . .     Clarity  .     b - +0 scale mail
rNeg   + . .     SustAt   .     c - +0 shield
rPois  ∞         Gourm    .     (no helmet)
rElec  +         Spirit   .     (no cloak)
rCorr  .         Dismiss  +     (no gloves)
rMut   .         Stasis   .     (no boots)
MR     .....                    i - amulet of dismissal
Stlth  ..........               (no ring)
                                (no ring)

@: not resistant to hostile enchantments, extremely unstealthy
A: negative energy resistance 1, electricity resistance, unbreathing,
petrification resistance, rot immunity, AC +3
a: no special abilities


You were on level 2 of the Dungeon.
You were not hungry.

You visited 1 branch of the dungeon, and saw 2 of its levels.

You collected 27 gold pieces.

Inventory:

Hand Weapons
 a - a +0 flail (weapon)
Missiles
 h - 97 stones (quivered)
Armour
 b - a +0 scale mail (worn)
 c - a +0 shield (worn)
Jewellery
 i - an amulet of dismissal (around neck)
Wands
 s - a wand of random effects (18)
Scrolls
 g - 2 scrolls of teleportation {unknown}
 m - a scroll of immolation {unknown}
 n - a scroll of enchant armour {unknown}
 o - a scroll of identify {unknown}
 p - a scroll of random uselessness {unknown}
 q - a scroll of blinking {unknown}
Potions
 d - 2 potions of might
 f - a potion of resistance {unknown}
 l - a potion of haste {unknown}
Miscellaneous
 r - a plain deck of defence
Comestibles
 e - 4 bread rations
 j - a meat ration
 k - 3 fruits


   Skills:
 * Level 4.1 Fighting
 + Level 2.2 Maces & Flails
 + Level 3.7 Armour
 * Level 4.2 Shields


You had 3 spell levels left.
You didn't know any spells.

Dungeon Overview and Level Annotations

Branches:
Dungeon (2/15)

Altars:
Nemelex Xobeh
Xom


Innate Abilities, Weirdness & Mutations

You are resistant to torment.
Your stone body is resilient (AC +3).
You are immune to poison.
You resist negative energy.
You are resistant to electric shocks.
You can survive without breathing.
You are immune to petrification.
You are immune to rotting.


Message History

A gnoll comes into view. It is wielding a halberd.
You closely miss the gnoll.
The gnoll is moderately wounded.
The gnoll hits you with a spear.
A gnoll comes into view. It is wielding a halberd.
The gnoll shouts!
You hit the gnoll.
The gnoll is heavily wounded.
You block the gnoll's attack. x2
You hit the gnoll but do no damage.
The gnoll is heavily wounded.
You block the gnoll's attack. The gnoll hits you but does no damage.
The gnoll hits you but does no damage.
You sock the gnoll!
You kill the gnoll!
You have reached level 4!
You feel stronger.
The gnoll hits you from afar with a halberd!
You die...

####.. ..##.# #.# #g##.#
#.. #g##.# #.# #)##.#
#.# #@##.# #.#
#.##.########.#
#.#####.......).....####
#.......##.#######......
#######)##.# #.#####
#.##.#######.### #
..##...........#
#############.#.#
########.#)##
####.....b.....#
##........)###..##


You could see 2 gnolls.

Vanquished Creatures
  A gnoll (D:2)
  An adder (D:2)
  An ooze (D:2)
  A worm (D:2)
  5 giant cockroaches
  5 goblins
  4 hobgoblins
  3 jackals (D:1)
  A quokka (D:2)
  A ball python (D:1)
  5 bats
  4 kobolds
  5 rats
37 creatures vanquished.

Notes
Turn   | Place    | Note
--------------------------------------------------------------
     0 | D:1      | bli the Gargoyle Fighter began the quest for the Orb.
     0 | D:1      | Reached XP level 1. HP: 14/14 MP: 1/1
    73 | D:1      | Reached XP level 2. HP: 19/19 MP: 2/2
   463 | D:2      | Reached XP level 3. HP: 24/24 MP: 3/3
   485 | D:2      | Reached skill level 4 in Fighting
   712 | D:2      | Found a sparkling altar of Nemelex Xobeh.
   714 | D:2      | Found a shimmering altar of Xom.
   829 | D:2      | Reached XP level 4. HP: 9/29 MP: 4/4
   829 | D:2      | Slain by a gnoll

Vault maps used:
D:1:      lightli_arrival_noodles
D:2:      nemelex_deck, xom_butterflies, first_bread

Action                   |  1- 3 |  4- 6 || total
-------------------------+-------+-------++-------
Melee: Flail             |   136 |       ||   136
